AoeStats
← Ouki-San

Fortress

507646818Analyzed
4v4 RM · 14d ago on Sep 19, 2026· 26m 0s· 8 players
Game mode
Random Map
Map size
Huge
Population
200
Speed
Normal
Resources
Standard
Victory
Conquest
Starting age
Dark Age
Ending age
Imperial Age
RankedLock teamsTeams togetherTeam positionsShared explorationLock speedFull tech treeHidden civsTurbo modeCheats
Victory
Defeat
🇧🇷 Britons · Brazil
1321
+20
🇧🇷 Turks · Brazil
1288
+14
🇧🇷 Franks · Brazil
1252
+15
🇧🇷 Magyars · Brazil
1238
+16
🇨🇳 Mongols · China
1280
-15
🇫🇷 Byzantines · France
1247
-15
🇨🇱 Maya · Chile
1221
-14
🇹🇼 Turks · Taiwan
1210
-13
Ouki-San
8:07 Feudal Age
12:02 Castle Age
10:25 Double-Bit Axe
10:27 Horse Collar
11:54 Loom
14:15 Wheelbarrow
13:53 Bow Saw
14:00 Heavy Plow
20:01 Stone Mining
20:02 Gold Mining
清華校草
7:28 Loom
9:15 Feudal Age
13:37 Castle Age
17:35 Imperial Age
15:10 Double-Bit Axe
16:21 Bow Saw
16:27 Horse Collar
21:05 Two-Man Saw
bastianbps
7:11 Feudal Age
11:05 Castle Age
9:42 Loom
10:08 Double-Bit Axe
10:07 Horse Collar
21:36 Wheelbarrow
fafagege
7:41 Feudal Age
11:46 Castle Age
9:42 Double-Bit Axe
10:48 Horse Collar
11:03 Gold Mining
15:08 Wheelbarrow
15:09 Loom
16:01 Bow Saw
18:17 Heavy Plow
19:52 Hand Cart
21:08 Gold Shaft Mining
25:36 Imperial Age
23:10 Fletching
23:21 Town Watch
23:55 Bodkin Arrow
24:23 Padded Archer Armor
26:20 Bracer
Gkings
8:43 Feudal Age
9:41 Horse Collar
12:29 Castle Age
11:08 Scale Barding Armor
11:22 Bloodlines
12:09 Scale Barding Armor
12:30 Double-Bit Axe
14:30 Bow Saw
15:12 Heavy Plow
17:35 Wheelbarrow
18:00 Husbandry
19:09 Hand Cart
19:21 Gold Mining
21:27 Loom
22:13 Chain Barding Armor
Portel4
7:54 Feudal Age
11:36 Castle Age
9:42 Double-Bit Axe
10:42 Scale Barding Armor
11:00 Gold Mining
13:36 Chain Barding Armor
14:27 Forging
16:28 Iron Casting
19:43 Husbandry
21:20 Wheelbarrow
21:54 Gold Shaft Mining
23:50 Hand Cart
GAX | Salomão
8:12 Feudal Age
12:00 Castle Age
9:49 Double-Bit Axe
10:53 Horse Collar
11:07 Gold Mining
15:01 Wheelbarrow
15:16 Bow Saw
15:35 Heavy Plow
20:42 Hand Cart
20:13 Town Watch
20:13 Loom
25:01 Imperial Age
22:30 Stone Mining
23:19 Fletching
23:36 Padded Archer Armor
24:40 Gold Shaft Mining
24:03 Bodkin Arrow
24:54 Ballistics
24:41 Treadmill Crane
25:12 Masonry
25:53 Bracer
26:54 Yeomen
LzDazz
9:32 Feudal Age
13:17 Castle Age
17:26 Imperial Age
15:34 Double-Bit Axe
15:31 Horse Collar
16:04 Gold Mining
18:00 Padded Archer Armor
22:33 Wheelbarrow
25:59 Bow Saw
Connection lost

Rejoining the realm…

Still unreachable

The connection could not be restored.

Session expired

The server has moved on; the page needs a fresh start.